 Dungeon Crawl Stone Soup version 0.22.1-6-g1668fe2c40 (webtiles) character file.

131 McIrco the Covered (level 4, -1/35 HPs)
             Began as a Demonspawn Fighter on Jan 18, 2019.
             Was an Initiate of Okawaru.
             Succumbed to a worker ant's poison
             ... on level 4 of the Dungeon.
             The game lasted 00:03:44 (2785 turns).

McIrco the Covered (Demonspawn Fighter)             Turns: 2785, Time: 00:03:44

Health: -1/35      AC: 13    Str: 16    XL:     4   Next: 91%
Magic:  1/4        EV:  1    Int: 10    God:    Okawaru [......]
Gold:   118        SH:  9    Dex: 13    Spells: 3/3 levels left

rFire    + . .     SeeInvis .   a - +0 long sword
rCold    . . .     Gourm    .   c - +0 shield
rNeg     . . .     Faith    .   s - +0 plate armour
rPois    .         Spirit   +   (no helmet)
rElec    .         Reflect  .   (no cloak)
rCorr    .         Harm     .   (no gloves)
MR       .....                  (no boots)
Stlth    ..........             u - amulet of rage
HPRegen  0.11/turn              j - ring of protection from fire
MPRegen  0.09/turn              p - -2 ring of evasion (curse)

@: lethally poisoned (-1 -> -19)
A: slimy green scales 1, magic shield
a: Renounce Religion, Evoke Berserk Rage


You were on level 4 of the Dungeon.
You worshipped Okawaru.
Okawaru was noncommittal.
You were hungry.

You visited 1 branch of the dungeon, and saw 4 of its levels.

You collected 118 gold pieces.

Inventory:

Hand Weapons
 a - a +0 long sword (weapon)
Armour
 b - a +0 scale mail
 c - a +0 shield (worn)
 s - a +0 plate armour (worn)
Jewellery
 j - a ring of protection from fire (left hand)
 p - a cursed -2 ring of evasion (right hand)
 u - an amulet of rage (around neck)
 w - an uncursed ring of protection from fire
Scrolls
 e - a scroll of magic mapping {unknown}
 g - 4 scrolls of identify {unknown}
 h - a scroll of remove curse {unknown}
 m - a scroll of random uselessness {unknown}
 q - 2 scrolls of immolation {unknown}
 r - a scroll of enchant armour {unknown}
 t - a scroll of teleportation {unknown}
 v - a scroll of enchant weapon {unknown}
 x - a scroll of amnesia {unknown}
Potions
 d - a potion of might
 i - a potion of degeneration {unknown}
 k - a potion of ambrosia {unknown}
 l - a potion of cancellation {unknown}
 n - a potion of heal wounds {unknown}
 o - 2 potions of curing {unknown}
 z - a potion of invisibility {unknown}
Comestibles
 f - 6 rations


   Skills:
 + Level 3.4 Fighting
 - Level 1.7 Long Blades
 + Level 3.8 Armour
 + Level 1.2 Dodging
 + Level 3.7 Shields


You had 3 spell levels left.
You didn't know any spells.
Your spell library was empty.

Dungeon Overview and Level Annotations

Branches:
Dungeon (4/15)
 Temple: D:4-7

Altars:
Okawaru


Innate Abilities, Weirdness & Mutations

You are partially covered in slimy green scales. (AC +2)
When hurt, damage is shared between your health and your magic reserves.


Message History

The worker ant is severely wounded.
You feel sick.
The worker ant bites you but does no damage.
The worker ant bites you.
* * * LOW HITPOINT WARNING * * *
You barely miss the worker ant.
The worker ant is severely wounded.
* * * LOW HITPOINT WARNING * * *
You feel very sick. You block the worker ant's attack.
The worker ant bites you but does no damage.
You hit the worker ant.
The worker ant is severely wounded.
* * * LOW HITPOINT WARNING * * *
You feel sick. The worker ant bites you.
* * * LOW HITPOINT WARNING * * *
You hit the worker ant.
You kill the worker ant!
Okawaru accepts your kill.
You die...

.######...†.....###.#
........###.........#
...######
####.#######
#........ #.######.
#.# #### #.# ...
...###.##.#
.........@.#
##..#.....## #
##...... ##.##### #.#
#.# #+#


There were no monsters in sight!

Vanquished Creatures
  Terence (D:2)
  A worker ant (D:4)
  2 adders
  2 worms
  A dart slug (D:2)
  A leopard gecko (D:3)
  An orc (D:3)
  A ball python (D:2)
  4 goblins
  11 hobgoblins
  4 jackals (D:1)
  5 kobolds
  9 bats
  5 frilled lizards
  8 rats
56 creatures vanquished.

Notes
Turn   | Place    | Note
-------+----------+-------------------------------------------
     0 | D:1      | McIrco the Demonspawn Fighter began the quest for the Orb.
     0 | D:1      | Reached XP level 1. HP: 18/18 MP: 1/1
   394 | D:1      | Gained mutation: When hurt, damage is shared between your
                  | health and your magic reserves. [demonic ancestry]
   394 | D:1      | Reached XP level 2. HP: 24/24 MP: 2/2
   974 | D:2      | Noticed Terence
   983 | D:2      | Killed Terence
   983 | D:2      | Reached XP level 3. HP: 24/29 MP: 3/3
  1021 | D:2      | Reached skill level 1 in Dodging
  1256 | D:2      | Gained mutation: You are partially covered in slimy green
                  | scales. (AC +2) [demonic ancestry]
  1256 | D:2      | Reached XP level 4. HP: 34/35 MP: 4/4
  2378 | D:3      | Found an iron altar of Okawaru.
  2407 | D:3      | Became a worshipper of Warmaster Okawaru
  2471 | D:3      | Found a faded altar of an unknown god.
  2784 | D:4      | HP: 1/35 [worker ant (2)]
  2785 | D:4      | Succumbed to a worker ant's poison

Skill      XL: |  1  2  3 |
---------------+----------+-----
Armour         | 3 |  3.8
Shields        | 3 |  3.7
Dodging        | 1 |  1.2
Fighting       | |  3.4
Long Blades    | |  1.7

Action                   |  1- 3 |  4- 6 || total
-------------------------+-------+-------++-------
Melee: Long sword        |   132 |   131 ||   263
  Eat: Chunk             |     1 |     5 ||     6
Armor: Scale mail        |    87 |     9 ||    96
       Plate armour      |       |   106 ||   106
Dodge: Dodged            |    46 |     8 ||    54
Block: Shield            |    90 |    75 ||   165
       Rpst.: Long sword |    11 |     3 ||    14
